 Dungeon Crawl Stone Soup version 0.30-a0-1160-g6e42c06551 (webtiles) character file.

Game seed: 3042821080844109105

20487 Sobieck the Grappler (level 12, -2/119 HPs)
             Began as a Troll Fighter on Apr 25, 2023.
             Was a High Priest of Wu Jian.
             Slain by a 12-headed hydra (3 damage)
             ... on level 2 of the Lair of Beasts.
             The game lasted 00:24:22 (10642 turns).

Sobieck the Grappler (Troll Fighter)               Turns: 10642, Time: 00:24:23

Health: -2/119     AC:  6    Str: 33    XL:     12   Next: 45%
Magic:  11/11      EV: 14    Int:  8    God:    Wu Jian [*****.]
Gold:   768        SH: 16    Dex:  9    Spells: 11/11 levels left

rFire   . .          .
                       - Unarmed
rCold   . . .        D - +1 tower shield
rNeg    . . .        G - +0 troll leather armour
rPois   .            (helmet restricted)
rElec   .            (no cloak)
rCorr   .            (gloves unavailable)
SInv    .            (boots unavailable)
Will    .....        (no amulet)
Stlth   +            j - +5 ring of evasion
HPRegen 1.99/turn    t - +6 ring of strength
MPRegen 0.12/turn

%: no passive effects
@: studying Polearms
A: large, unfitting armour, claws 3, regeneration 1, shaggy fur 1, tough skin 1
a: Renounce Religion, Wall Jump, Serpent's Lash, Heavenly Storm


You were on level 2 of the Lair of Beasts.
You worshipped Wu Jian.
Wu Jian was extremely pleased with you.
You visited 3 branches of the dungeon, and saw 15 of its levels.

You collected 903 gold pieces.
You spent 135 gold pieces at shops.


Innate Abilities, Weirdness & Mutations

You are too large for most types of armour.
You have claws for hands.
Your natural rate of healing is unusually fast.
You are covered in fur. (AC +1)
You have tough skin. (AC +1)


   Skills:
 + Level 8.1 Fighting
 - Level 7.0 Dodging
 - Level 10.0 Shields
 - Level 14.0 Unarmed Combat


You had 11 spell levels left.
You didn't know any spells.
Your spell library contained the following spells:

 Spells                   Type           Power      Damage    Failure   Level
 Freeze                   Ice            0%         1d3       77%         1
 Magic Dart               Conj           0%         1d3       77%         1
 Blink                    Tloc           0%         N/A       88%         2
 Call Imp                 Summ           0%         N/A       88%         2
 Lesser Beckoning         Tloc           0%         N/A       88%         2
 Momentum Strike          Conj/Tloc      0%         3d8       88%         2
 Poisonous Vapours        Pois/Air       0%         N/A       88%         2
 Call Canine Familiar     Summ           0%         N/A       98%         3
 Frozen Ramparts          Ice            0%         1d1       98%         3
 Hailstorm                Conj/Ice       0%         3d3       98%         3
 Mephitic Cloud           Conj/Pois/Air  0%         N/A       98%         3
 Portal Projectile        Hex/Tloc       0%         N/A       98%         3
 Summon Guardian Golem    Hex/Summ       0%         N/A       98%         3
 Leda's Liquefaction      Hex/Erth       0%         N/A       100%        4
 Freezing Cloud           Conj/Ice/Air   0%         6-21      100%        5
 Orb of Destruction       Conj           0%         9d5       100%        7
 Spellforged Servitor     Conj/Summ      0%         N/A       100%        7
 Borgnjor's Revivificati  Necr           0%         N/A       100%        8
 Necromutation            Tmut/Necr      0%         N/A       100%        8
 Chain Lightning          Conj/Air       0%         N/A       100%        9
 Death's Door             Necr           0%         N/A       100%        9

Inventory:

Hand Weapons
 e - a +0 mace {mace}
   (You found it on level 1 of the Dungeon)
 g - a +0 dagger {short}
   (You found it on level 1 of the Dungeon)
 l - a +0 dagger {short}
   (You found it on level 1 of the Dungeon)
Missiles
 f - 108 stones {throwing}
 p - 11 boomerangs {throwing}
 C - 21 poisoned darts (quivered) {throwing}
 E - 3 throwing nets {=f!fthrowing}
 L - 3 datura-tipped darts {throwing}
 P - 4 curare-tipped darts {=fthrowing}
 U - 5 large rocks {=fthrowing}
Armour
 b - a +0 kite shield
 D - a +1 tower shield (worn)
   (You bought it in a shop on level 4 of the Dungeon)
 G - a +0 troll leather armour (worn)
   (You found it on level 10 of the Dungeon)
 K - a +0 robe
   (You took it off an orc wizard on level 6 of the Dungeon)
 R - a +0 robe
   (You took it off an orc wizard on level 8 of the Dungeon)
 T - +0 steam dragon scales
   (You found it on level 9 of the Dungeon)
 V - a +0 robe
   (You took it off an orc wizard on level 9 of the Dungeon)
 W - a +0 robe
   (You took it off an orc wizard on level 9 of the Dungeon)
 X - a +0 robe
   (You found it on level 9 of the Dungeon)
 Y - a +0 robe
   (You took it off a wight on level 9 of the Dungeon)
 Z - a +0 robe
   (You took it off a wight on level 9 of the Dungeon)
Jewellery
 i - a ring of resist corrosion
   (You found it on level 1 of the Dungeon)
 j - a +5 ring of evasion (left claw)
   (You found it on level 11 of the Dungeon)
 t - a +6 ring of strength (right claw)
   (You found it on level 2 of the Dungeon)
 A - a ring of protection from fire
   (You found it on level 4 of the Dungeon)
 B - a ring of flight
   (You found it on level 4 of the Dungeon)
Wands
 k - a wand of quicksilver (2)
   (You found it on level 10 of the Dungeon)
 y - a wand of polymorph (15)
   (You found it on level 4 of the Dungeon)
 z - a wand of charming (18)
   (You found it on level 4 of the Dungeon)
 S - a wand of mindburst (12)
   (You found it on level 8 of the Dungeon)
Scrolls
 a - a scroll of magic mapping {unknown}
 c - a scroll of torment {!r}
 d - 2 scrolls of blinking {!r}
 n - a scroll of enchant weapon
 r - a scroll of noise {!r}
 s - 4 scrolls of poison {!r}
 Q - a scroll of brand weapon {unknown}
Potions
 h - 3 potions of lignification {!q}
 m - 6 potions of flight
 o - 2 potions of heal wounds {@q2}
 q - 2 potions of cancellation
 v - a potion of might
 w - 9 potions of curing {@q1}
 F - a potion of magic
 H - 2 potions of berserk rage {!q}
 I - 6 potions of attraction {!q}
 M - a potion of haste {unknown}
 N - 10 potions of ambrosia
 O - a potion of brilliance {unknown}
Miscellaneous
 u - a lightning rod (4/4)
   (You found it on level 9 of the Dungeon)
 x - a box of beasts
   (You found it on level 1 of the Lair of Beasts)
 J - a piece from Xom's chessboard (15/15)
   (You found it on level 10 of the Dungeon)

Dungeon Overview and Level Annotations

Branches:
Dungeon (12/15) Zot: 26612  Temple (1/1) D:5 Zot: 5942    Lair (2/5) D:8 Zot: 10374
    Orc (0/2) D:11
  Swamp: Lair:2-3    Shoals: Lair:2-3     Snake: Lair:2-3    Spider: Lair:2-3

Altars:
Dithmenos
Fedhas
Gozag
Nemelex Xobeh
Qazlal
Sif Muna
Uskayaw
Wu Jian
Xom
Zin

Shops:
D:4 [

Annotations:
D:6 3 runed translucent doors, Dittersdorf's ghost, novice GrFi
D:11 exclusion: downstairs

### ##^.§.##..####..##.. ####.#
###....##..## ##.^##.
###.##.#####.#....#..##≈$..##..#.
........[....#..†.#..# .##..#..#.
.....####.##.#....#..# ..}§§#..#.
.####.# ######....#..# ..>.§#..#.
## ### #....#..# .##§§#..#.
#.D○○#..##....##..#.
#.○@○##..#.Y.# ..## ###
##°○○†.#.Y# .## ######P###
##....##.....^# ##.#P.....## #
###...###..### ...........#.#
###...#### .####...>..... ##....
## #P.....#P# #### # ##.....#
#.....#


You could see a 12-headed hydra.


Message History

You hear a croak.
Unknown command.
Unknown command.
A bullfrog comes into view.
You spin and attack the catoblepas.
You mangle the catoblepas!!
The bullfrog stops moving altogether!
The catoblepas gores you!
Unknown command.
Unknown command.
You spin and attack the dream sheep repeatedly.
You barely miss the dream sheep. You scratch the dream sheep.
You spin and attack the catoblepas.
You claw the catoblepas!
The eight-headed hydra stops moving altogether!
The catoblepas breathes a plume of calcifying dust at you.
The blast of calcifying dust hits you.
The dream sheep ruffles its wool and motes of dream dust sparkle, to no effect.
Unknown command.
You spin and attack the dream sheep.
You claw the dream sheep!
You spin and attack the catoblepas.
You mangle the catoblepas!!
You kill the catoblepas!
The Council accepts your kill. You block the dream sheep's attack.
Your Fighting skill increases to level 8!
Unknown command.
You spin and attack the dream sheep.
You closely miss the dream sheep. The bullfrog closely misses you.
You block the dream sheep's attack.
You spin and attack the dream sheep.
You mangle the dream sheep!!
You kill the dream sheep!
The Council accepts your kill.
You can now summon a storm of heavenly clouds to empower your attacks.
You spin and attack the bullfrog.
You closely miss the bullfrog. You block the bullfrog's attack.
You spin and attack the bullfrog.
You barely miss the bullfrog. The bullfrog hits you.
You block the bullfrog's attack.
Unknown command.
You lunge at the bullfrog, in a flurry of attacks.
The helpless bullfrog fails to defend itself.
You eviscerate the bullfrog!!!
You kill the bullfrog!
The Council accepts your kill.
You spin and attack the eight-headed hydra.
The helpless eight-headed hydra fails to defend itself.
You claw one of the eight-headed hydra's heads off!
The seven-headed hydra grows two more!
You eviscerate the nine-headed hydra!!!
You spin and attack the bullfrog.
You claw the bullfrog! The bullfrog hits you.
Unknown command.
The helpless nine-headed hydra fails to defend itself.
You rip one of the nine-headed hydra's heads off!
The eight-headed hydra grows two more!
You eviscerate the ten-headed hydra!!!
The ten-headed hydra is no longer petrified.
The ten-headed hydra bites you but does no damage.
You block the ten-headed hydra's attack. x2
The ten-headed hydra barely misses you. The ten-headed hydra bites you! x2
* * * LOW HITPOINT WARNING * * *
The ten-headed hydra bites you!
* * * LOW HITPOINT WARNING * * *
The ten-headed hydra bites you but does no damage.
The ten-headed hydra bites you!
* * * LOW HITPOINT WARNING * * *
You block the ten-headed hydra's attack.
The bullfrog hits you.
* * * LOW HITPOINT WARNING * * *
Unknown command.
Unknown command.
There is nothing to wall jump against here.
Unknown command.
Unknown command.
Aiming: Wall Jump
Press: ? - help, Dir - move target You block the bullfrog's attack.
Unknown command.
Unknown command.
The bullfrog attacks as you move away!
The bullfrog hits you but does no damage.
Aiming: Wall Jump
Press: ? - help, Dir - move target You repeatedly attack the ten-headed hydra from above.
You claw one of the ten-headed hydra's heads off!
The nine-headed hydra grows two more!
You claw the 11-headed hydra! You barely miss the 11-headed hydra.
You rip one of the 11-headed hydra's heads off!
The ten-headed hydra grows two more!
You claw the 12-headed hydra!
You repeatedly attack the bullfrog from above.
You claw the bullfrog!
You kill the bullfrog!
The Council accepts your kill. You block the 12-headed hydra's attack.
The 12-headed hydra bites you!
* * * LOW HITPOINT WARNING * * *
The 12-headed hydra misses you. You block the 12-headed hydra's attack.
The 12-headed hydra barely misses you. The 12-headed hydra bites you.
* * * LOW HITPOINT WARNING * * *
The 12-headed hydra bites you!
* * * LOW HITPOINT WARNING * * *
The 12-headed hydra bites you!
* * * LOW HITPOINT WARNING * * *
The 12-headed hydra bites you!
* * * LOW HITPOINT WARNING * * *
The 12-headed hydra bites you.
* * * LOW HITPOINT WARNING * * *
The 12-headed hydra bites you.
You die...

Skill      XL: |  1  2  3  4  5  6  7  8  9 10 11 12 |
---------------+-------------------------------------+-----
Unarmed Combat | 3 4 5 6 8 10 11 12 13 14 | 14.0
Shields        | 3 4 5 6 7 9 10 | 10.0
Fighting       | 3 4 6 8 |  8.1
Dodging        | 3 4 6 7 |  7.0

Action                     |  1- 3 |  4- 6 |  7- 9 | 10-12 || total
---------------------------+-------+-------+-------+-------++-------
  Melee: Unarmed           |    62 |   135 |   268 |   560 ||  1025
  Throw: Stone             |     1 |       |       |     5 ||     6
         Dart              |       |       |       |     6 ||     6
Ability: Lunge             |       |       |    21 |    25 ||    46
         Whirlwind         |       |       |     2 |   175 ||   177
         Wall Jump         |       |       |       |    20 ||    20
    Use: Potion            |       |     1 |       |     5 ||     6
         Scroll            |       |       |    12 |     8 ||    20
   Stab: Sleeping          |       |     1 |       |       ||     1
         Petrified         |       |       |       |     3 ||     3
 Armour: Robe              |    18 |    27 |    21 |       ||    66
         Steam dragon scal |       |       |    14 |     8 ||    22
         Troll leather arm |       |       |       |    62 ||    62
  Dodge: Dodged            |    15 |    37 |    43 |   229 ||   324
  Block: Kite shield       |    15 |    34 |       |       ||    49
         Tower shield      |       |    15 |   133 |   419 ||   567

Levels and vault maps discovered:
D:1:      erik_arrival_cave_to_civilisation [erik_arrival_cave_to_hall],
          layout_basic, minmay_liquid_box, dk_noncrumbling_4, nicolae_wormholes
D:2:      layout_rooms, basic_altar, minmay_heptomino_l4
D:3:      layout_basic, kennysheep_nub
D:4:      layout_cave_pods, nicolae_overflow_crystal_walls, serial_shops, shop,
          uniq_duvessa
D:5:      layout_basic, minmay_temple_entry_poolview, dk_rats_in_the_wall
D:6:      layout_rooms, biasface_ghost_orc_armoury, serial_corexii_hall,
          corexii_hall_statues_s, corexii_hall_statues_i, corexii_hall_statues_l
D:7:      layout_basic, mainiacjoe_overflow_tiny_flanked,
          hangedman_minor_gate_pass
D:8:      layout_loops_ring, lair_entry_dummy
D:9:      layout_roguey, grunt_ministairs_4
D:10:     layout_stronghold, serial_column_ruins, column_ruins_grid_5,
          column_ruins_hut_pillars, column_ruins_open_tiny,
          column_ruins_corridor_dead_end, column_ruins_open_small,
          column_ruins_corridor_corner, hellmonk_bongcloud_opening
D:11:     layout_basic, david_orc_4
D:12:     layout_rooms, minmay_misc_feat_secret_circle,
          nicolae_tso_swordbearing_angel, uniq_psyche
Temple:   nicolae_temple_slightly_damp_pantheon
Lair:1:   layout_gridlike
Lair:2:   layout_roguey [special_room_bee], nzn_random_ring

Notes
Turn   | Place    | Note
-------+----------+-------------------------------------------
     0 | D:1      | Sobieck the Troll Fighter began the quest for the Orb.
     0 | D:1      | Reached XP level 1. HP: 22/22 MP: 0/0
    60 | D:1      | You pick up a book of Vapours and begin reading...
    60 | D:1      | You add the spells Poisonous Vapours, Mephitic Cloud and
                  | Freezing Cloud to your library.
   584 | D:1      | Reached XP level 2. HP: 29/29 MP: 1/1
   632 | D:1      | You fall into a shaft and drop 1 floor!
   665 | D:1      | Reached skill level 3 in Unarmed Combat
   937 | D:2      | Found a sparkling altar of Nemelex Xobeh.
   969 | D:2      | Reached XP level 3. HP: 33/36 MP: 2/2
   983 | D:2      | Reached skill level 4 in Unarmed Combat
  1134 | D:2      | Reached XP level 4. HP: 40/44 MP: 3/3
  1590 | D:3      | Reached skill level 5 in Unarmed Combat
  2008 | D:4      | Reached XP level 5. HP: 49/50 MP: 4/4
  2090 | D:4      | Reached skill level 3 in Shields
  2214 | D:4      | Noticed Duvessa
  2214 | D:4      | Noticed Dowan
  2221 | D:4      | Killed Duvessa
  2222 | D:4      | Reached skill level 6 in Unarmed Combat
  2222 | D:4      | Reached XP level 6. HP: 42/59 MP: 5/5
  2229 | D:4      | Killed Dowan
  2292 | D:4      | Found a shimmering altar of Xom.
  2432 | D:4      | Found Zitsec's Antique Armour Emporium.
  2445 | D:4      | Bought a tower shield for 135 gold pieces
  2860 | D:5      | Entered Level 5 of the Dungeon
  2886 | D:5      | Reached skill level 4 in Shields
  2886 | D:5      | Reached XP level 7. HP: 44/66 MP: 6/6
  2932 | D:5      | You add the spells Call Imp and Chain Lightning to your
                  | library.
  2932 | D:5      | Got the Verses on Company and Thunder
  3005 | D:5      | Reached skill level 7 in Unarmed Combat
  3193 | D:5      | Reached skill level 8 in Unarmed Combat
  3294 | D:5      | You pick up a book of Frost and begin reading...
  3294 | D:5      | You add the spells Freeze, Frozen Ramparts and Hailstorm to
                  | your library.
  3486 | D:5      | Reached skill level 5 in Shields
  3486 | D:5      | Reached XP level 8. HP: 64/74 MP: 7/7
  3549 | D:5      | Found a staircase to the Ecumenical Temple.
  3558 | Temple   | Entered the Ecumenical Temple
  3596 | Temple   | Became a worshipper of the Wu Jian Council
  3783 | D:6      | Reached skill level 9 in Unarmed Combat
  3922 | D:6      | Found a runed translucent gate.
  3922 | D:6      | Noticed Dittersdorf's ghost (novice GrFi)
  3923 | D:6      | Found a runed translucent gate.
  3924 | D:6      | Found a runed translucent gate.
  3924 | D:6      | Identified the +3 chain mail of Defiance {rElec rPois
                  | Regen+}
  4261 | D:7      | Found an opulent altar of Gozag.
  4444 | D:7      | Reached skill level 6 in Shields
  4584 | D:7      | Reached * piety under Wu Jian
  4589 | D:7      | Reached skill level 10 in Unarmed Combat
  4718 | D:7      | Reached XP level 9. HP: 78/80 MP: 8/8
  5311 | D:8      | Reached skill level 3 in Fighting
  5311 | D:8      | Reached skill level 3 in Dodging
  5541 | D:8      | Found a staircase to the Lair.
  5784 | D:9      | Noticed a cyclops
  5847 | D:8      | Killed a cyclops
  5848 | D:8      | Reached skill level 7 in Shields
  6280 | D:9      | Noticed a troll
  6289 | D:9      | Killed a troll
  6290 | D:9      | Reached skill level 11 in Unarmed Combat
  6628 | D:9      | Reached ** piety under Wu Jian
  6797 | D:9      | Reached XP level 10. HP: 83/92 MP: 9/9
  6885 | D:10     | Entered Level 10 of the Dungeon
  6896 | D:9      | Reached skill level 4 in Dodging
  6928 | D:9      | Reached skill level 4 in Fighting
  6937 | D:9      | Reached skill level 8 in Shields
  7246 | D:10     | HP: 22/93 [troll (13)]
  7248 | D:10     | HP: 5/93 [troll (9)]
  7435 | D:10     | Reached skill level 12 in Unarmed Combat
  7584 | D:10     | Noticed a two-headed ogre
  7587 | D:10     | Killed a two-headed ogre
  7588 | D:10     | Reached skill level 9 in Shields
  7709 | D:10     | You pick up a book of Spatial Translocations and begin
                  | reading...
  7709 | D:10     | You add the spells Blink, Momentum Strike and Lesser
                  | Beckoning to your library.
  7908 | D:10     | Reached XP level 11. HP: 86/101 MP: 10/10
  7909 | D:10     | Reached skill level 5 in Fighting
  7909 | D:10     | Reached skill level 5 in Dodging
  8273 | D:11     | Noticed a two-headed ogre
  8291 | D:11     | Killed a two-headed ogre
  8307 | D:11     | Reached *** piety under Wu Jian
  8598 | D:11     | Found a staircase to the Orcish Mines.
  8638 | D:12     | Noticed a boulder beetle
  8675 | D:12     | Noticed a boulder beetle
  8807 | D:11     | Killed a boulder beetle
  8826 | D:12     | Noticed a skeletal warrior
  8839 | D:11     | Killed a boulder beetle
  8840 | D:11     | Reached skill level 10 in Shields
  8840 | D:11     | Reached skill level 13 in Unarmed Combat
  8864 | D:11     | Killed a skeletal warrior
  8921 | D:12     | Noticed a skeletal warrior
  8922 | D:12     | Noticed a skeletal warrior
  8922 | D:12     | Noticed a skeletal warrior
  9015 | Lair:1   | Entered Level 1 of the Lair of Beasts
  9268 | Lair:1   | Reached skill level 6 in Dodging
  9278 | Lair:1   | Reached skill level 6 in Fighting
  9438 | Lair:1   | Reached **** piety under Wu Jian
  9850 | Lair:2   | Reached XP level 12. HP: 84/114 MP: 11/11
  9981 | Lair:1   | HP: 19/115 [killer bee (12)]
  9986 | Lair:1   | HP: 26/115 [poisoned by a killer bee]
 10049 | Lair:2   | Reached skill level 14 in Unarmed Combat
 10067 | Lair:2   | You pick up a book of the Hunter and begin reading...
 10067 | Lair:2   | You add the spells Call Canine Familiar, Portal Projectile
                  | and Leda's Liquefaction to your library.
 10340 | Lair:2   | You pick up a book of Minor Magic and begin reading...
 10508 | Lair:2   | Reached skill level 7 in Fighting
 10508 | Lair:2   | Reached skill level 7 in Dodging
 10588 | Lair:2   | You pick up a book of Dangerous Friends and begin
                  | reading...
 10588 | Lair:2   | You add the spells Summon Guardian Golem, Orb of
                  | Destruction and Spellforged Servitor to your library.
 10591 | Lair:2   | You add the spells Borgnjor's Revivification, Necromutation
                  | and Death's Door to your library.
 10606 | Lair:2   | Noticed a catoblepas
 10616 | Lair:2   | Noticed an eight-headed hydra
 10631 | Lair:2   | Killed a catoblepas
 10632 | Lair:2   | Reached skill level 8 in Fighting
 10633 | Lair:2   | Reached ***** piety under Wu Jian
 10642 | Lair:2   | HP: 18/119 [12-headed hydra (14)]
 10642 | Lair:2   | HP: 2/119 [12-headed hydra (9)]
 10642 | Lair:2   | Slain by a 12-headed hydra

Vanquished Creatures
  2 boulder beetles (D:11)
  A catoblepas (Lair:2)
  2 two-headed ogres
  A skeletal warrior (D:11)
  A cyclops (D:8)
  A black mamba (Lair:2)
  4 cane toads
  A torpor snail (Lair:2)
  A rime drake (Lair:2)
  3 komodo dragons
  A polar bear (Lair:1)
  A queen bee (Lair:2)
  4 trolls
  4 blink frogs (Lair:2)
  A dream sheep (Lair:2)
  25 yaks
  2 wyverns
  2 wraiths
  2 basilisks
  2 steam dragons
  2 acid dragons
  9 water moccasins
  Duvessa (D:4)
  2 ice beasts
  5 orc warriors
  A black bear (D:6)
  9 wolves
  2 phantoms
  2 kobold brigands
  11 bullfrogs
  A gnoll sergeant (D:7)
  4 scorpions
  3 wights (D:9)
  Dowan (D:4)
  32 killer bees
  An electric eel (Lair:1)
  8 howler monkeys
  4 hounds
  4 orc priests
  A jelly (D:5)
  2 sleepcaps
  An iguana (D:6)
  2 gnoll boudas
  16 orc wizards
  11 gnolls
  16 adders
  A shadow imp (D:8)
  5 white imps
  An ufetubus (D:5)
  3 worms
  2 dart slugs
  28 orcs
  6 endoplasms (D:2)
  5 giant cockroaches
  2 goblins
  6 hobgoblins
  A quokka (D:4)
  6 ball pythons
  4 bats
  2 frilled lizards (D:1)
  16 kobolds
  3 rats
303 creatures vanquished.

Vanquished Creatures (others)
  8 fungi (Lair:2)
  20 plants
28 creatures vanquished.

Grand Total: 331 creatures vanquished

Table legend:
 A = Non-vault XP
 B = Vault XP
 C = Vault XP percentage of total XP
 D = Non-vault monster count
 E = Vault monster count
 F = Vault count percentage of total count
                 A         B        C        D         E       F
            +---------+---------+-------+---------+---------+-------
      Total |   21776 |    7585 |  25.8 |     229 |      74 |  24.4
            +---------+---------+-------+---------+---------+-------
        D:1 |       9 |       8 |  47.1 |       7 |       3 |  30.0
        D:2 |      86 |      29 |  25.2 |      20 |       3 |  13.0
        D:3 |      38 |       0 |   0.0 |      13 |       0 |   0.0
        D:4 |     256 |     216 |  45.8 |      23 |       2 |   8.0
        D:5 |     921 |       0 |   0.0 |      16 |       0 |   0.0
        D:6 |     758 |       0 |   0.0 |      17 |       0 |   0.0
        D:7 |     408 |     394 |  49.1 |      12 |       6 |  33.3
        D:8 |     675 |     585 |  46.4 |      17 |       3 |  15.0
        D:9 |    2856 |      56 |   1.9 |      29 |       4 |  12.1
       D:10 |    4510 |       0 |   0.0 |      30 |       0 |   0.0
       D:11 |    5603 |     684 |  10.9 |      15 |      14 |  48.3
     Lair:1 |    3026 |     248 |   7.6 |      16 |       4 |  20.0
     Lair:2 |    2630 |    5365 |  67.1 |      14 |      35 |  71.4
            +---------+---------+-------+---------+---------+-------

Skill      XL: |  1  2  3  4  5  6  7  8  9 10 11 12 |
---------------+-------------------------------------+-----
Unarmed Combat | 3 4 5 6 8 10 11 12 13 14 | 14.0
Shields        | 3 4 5 6 7 9 10 | 10.0
Fighting       | 3 4 6 8 |  8.1
Dodging        | 3 4 6 7 |  7.0

Action                     |  1- 3 |  4- 6 |  7- 9 | 10-12 || total
---------------------------+-------+-------+-------+-------++-------
  Melee: Unarmed           |    62 |   135 |   268 |   560 ||  1025
  Throw: Stone             |     1 |       |       |     5 ||     6
         Dart              |       |       |       |     6 ||     6
Ability: Lunge             |       |       |    21 |    25 ||    46
         Whirlwind         |       |       |     2 |   175 ||   177
         Wall Jump         |       |       |       |    20 ||    20
    Use: Potion            |       |     1 |       |     5 ||     6
         Scroll            |       |       |    12 |     8 ||    20
   Stab: Sleeping          |       |     1 |       |       ||     1
         Petrified         |       |       |       |     3 ||     3
 Armour: Robe              |    18 |    27 |    21 |       ||    66
         Steam dragon scal |       |       |    14 |     8 ||    22
         Troll leather arm |       |       |       |    62 ||    62
  Dodge: Dodged            |    15 |    37 |    43 |   229 ||   324
  Block: Kite shield       |    15 |    34 |       |       ||    49
         Tower shield      |       |    15 |   133 |   419 ||   567

Illustrated notes

Table legend:
 A = Kills in this place as a percentage of kills in the entire game.
 B = Kills by you in this place as a percentage of kills by you in the entire game.
 C = Kills by friends in this place as a percentage of kills by friends in the entire game.
 D = Other kills in this place as a percentage of other kills in the entire game.
 E = Experience gained in this place as a percentage of experience gained in the entire game.
 F = Experience gained in this place divided by the number of levels of this place that you have seen.
                   A       B       C       D       E      F
               +-------+-------+-------+-------+-------+----------------------
         Total | 100.0 | 100.0 |   N/A |   N/A | 100.0 | 1957.4
       Dungeon |  77.2 |  77.2 |   N/A |   N/A |  61.6 | 1507.7
          Lair |  22.8 |  22.8 |   N/A |   N/A |  38.4 | 5634.5
               +-------+-------+-------+-------+-------+----------------------

Table legend: (Time is in decaauts)
 A = Elapsed time spent in this place.
 B = Non-inter-level travel time spent in this place.
 C = Inter-level travel time spent in this place.
 D = Time resting spent in this place.
 E = Time spent auto-exploring this place.
 F = Levels seen in this place.
 G = Mean time per level.
                   A        B        C        D        E       F      G
               +--------+--------+--------+--------+--------+-----+--------+
         Total |  10670 |  10283 |    387 |    636 |   7493 |  15 |  711.3 |
       Dungeon |   8989 |   8634 |    355 |    548 |   6394 |  12 |  749.1 |
        Temple |     57 |     38 |     19 |      0 |     24 |   1 |   57.0 |
          Lair |   1623 |   1610 |     13 |     88 |   1075 |   2 |  811.5 |
               +--------+--------+--------+--------+--------+-----+--------+

Top non-repeatable levels by time:
    D:10: 1093 daAuts
     D:9: 1004 daAuts
     D:8: 903 daAuts
     D:1: 899 daAuts
     D:7: 876 daAuts
     D:4: 872 daAuts
    D:11: 863 daAuts
  Lair:2: 812 daAuts
  Lair:1: 811 daAuts
     D:5: 804 daAuts
     D:3: 584 daAuts
     D:6: 537 daAuts
     D:2: 509 daAuts
  Temple: 57 daAuts
    D:12: 40 daAuts
